 Dungeon Crawl Stone Soup version 0.18-a0-1285-g60d00e1 (webtiles) character file.

10837 4thArraOfDagon the Geomancer (level 11, -12/77 HPs)
             Began as a Mummy Earth Elementalist on Feb 8, 2016.
             Was a High Priest of Okawaru.
             Mangled by an orc warrior
             ... wielding a +1 long sword of electrocution
              (20 damage)
             ... on level 2 of the Orcish Mines.
             The game lasted 00:49:51 (7638 turns).

4thArraOfDagon the Geomancer (MuEE)                 Turns: 7638, Time: 00:49:51

Health: -12/77     AC: 13    Str: 12    XL:     11   Next: 41%
Magic:  8/16       EV: 23    Int: 17    God:    Okawaru [*****.]
Gold:   875        SH:  0    Dex: 13    Spells: 4 memorised, 3 levels left

rFire  x . .     SeeInvis .     s - +5 dagger "Newtbane" {venom, rC++}
rCold  + + +     Gourm    .     v - +2 animal skin
rNeg   + + +     Faith    .     (no shield)
rPois  ∞         Spirit   .     (no helmet)
rElec  .         Dismiss  .     t - +0 cloak
rCorr  .         Reflect  .     (no gloves)
SustAt .         Harm     .     q - +1 pair of boots
MR     +....                    (no amulet)
Stlth  +++.......               m - +4 ring of protection
                                g - +4 ring of evasion

@: heroism, somewhat resistant to hostile enchantments, fairly stealthy
A: no food or potions, fire vulnerability, cold resistance 1, negative energy
resistance 3, torment resistance, unbreathing
a: Heroism, Finesse, Renounce Religion


You were on level 2 of the Orcish Mines.
You worshipped Okawaru.
Okawaru was extremely pleased with you.
You were not hungry.

You visited 3 branches of the dungeon, and saw 16 of its levels.
You also visited: Bailey.

You collected 875 gold pieces.

Inventory:

Hand Weapons
 l - a +0 blowgun
 n - a +3 hand crossbow
 s - the +5 dagger "Newtbane" (weapon) {venom, rC++}
   (You found it on level 5 of the Dungeon)

   It poisons the flesh of those it strikes.
   It greatly protects you from cold.
 C - a +2 long sword of draining
 E - a +0 halberd of venom
 F - a +2 halberd of electrocution
Missiles
 b - 156 stones (quivered)
 k - 7 poisoned tomahawks
 z - 33 poisoned needles
Armour
 q - a +1 pair of boots (worn)
 t - a +0 cloak (worn)
 v - a +2 animal skin (worn)
 A - the +3 scale mail of Hopscotch {rC+ Dex+4}
   (You found it on level 8 of the Dungeon)

   It affects your dexterity (+4).
   It protects you from cold.
 D - the +7 scale mail "Joclan" {Dex+2}
   (You found it on level 12 of the Dungeon)

   It affects your dexterity (+2).
Jewellery
 g - a +4 ring of evasion (left hand)
 m - a +4 ring of protection (right hand)
 u - an uncursed ring of teleportation
 w - an uncursed ring of resist corrosion
Wands
 d - a wand of digging (12/24)
 r - a wand of lightning (0/15)
Scrolls
 e - 4 scrolls of remove curse
 f - 3 scrolls of noise
 h - a scroll of enchant weapon
 i - 2 scrolls of amnesia
 j - a scroll of blinking
 o - 2 scrolls of enchant armour
 p - a scroll of magic mapping
 x - a scroll of identify
Books
 a - the Tome of Displacement
   (You found it on level 8 of the Dungeon)

   Spells                             Type                      Level
   a - Recall                         Summoning/Translocation      3
   b - Teleport Other                 Translocation                3
   c - Passage of Golubria            Translocation                4
   d - Phase Shift                    Translocation                5
 c - a book of Geomancy

   Spells                             Type                      Level
   a - Sandblast                      Earth                        1
   b - Passwall                       Transmutation/Earth          2
   c - Stone Arrow                    Conjuration/Earth            3
   d - Petrify                        Transmutation/Earth          4
   e - Lee's Rapid Deconstruction     Earth                        5
 y - a book of the Sky

   Spells                             Type                      Level
   a - Summon Lightning Spire         Summoning/Air                4
   b - Airstrike                      Air                          4
   c - Silence                        Hexes/Air                    5
   d - Deflect Missiles               Charms/Air                   6
   e - Conjure Ball Lightning         Conjuration/Air              6
   f - Tornado                        Air                          9
 B - a book of Summonings

   Spells                             Type                      Level
   a - Recall                         Summoning/Translocation      3
   b - Aura of Abjuration             Summoning                    5
   c - Summon Demon                   Summoning                    5
   d - Summon Forest                  Summoning/Translocation      5
   e - Summon Mana Viper              Hexes/Summoning              5
   f - Shadow Creatures               Summoning                    6


   Skills:
 - Level 4.0(9.0) Fighting
 * Level 2.4(7.4) Polearms
 + Level 6.4(11.4) Armour
 + Level 6.8(11.8) Dodging
 - Level 1.5(6.5) Stealth
 - Level 2.1 Spellcasting
 - Level 0.7 Transmutations
 * Level 9.4 Earth Magic
 - Level 7.3 Invocations


You had 3 spell levels left.
You knew the following spells:

 Your Spells              Type           Power        Failure   Level  Hunger
a - Sandblast             Erth           ####..       1%          1    N/A
b - Stone Arrow           Conj/Erth      ###...       10%         3    N/A
c - Lee's Rapid Deconstr  Erth           ####......   14%         5    N/A
d - Passwall              Trmt/Erth      ###.......   3%          2    N/A

Dungeon Overview and Level Annotations

Branches:
Dungeon (13/15)            Temple (1/1) D:6            Lair (0/8) D:8
    Orc (2/2) D:12         Vaults (0/5) D:13
    Elf: Orc:2

Altars:
Ashenzari
Cheibriados
Dithmenos
Elyvilon
Fedhas
Gozag
Kikubaaqudgha
Makhleb
Nemelex Xobeh
Okawaru
Pakellas
Qazlal
Ru
Sif Muna
Trog
Xom
Yredelemnul
Zin
The Shining One

Shops:
D:4 =

Portals:
Trove: D:10 (give +5 fire dragon armour)

Annotations:
D:4 Dowan, Grinder, Menkaure
D:8 exclusions: downstairs and upstairs
D:12 exclusion: downstairs
D:13 Rupert


Innate Abilities, Weirdness & Mutations

You do not eat or drink.
Your flesh is vulnerable to fire.
You are immune to poison.
Your flesh is cold resistant.
You are immune to negative energy.
You are immune to unholy pain and torment.
You can survive without breathing.


Message History

The orc warrior is heavily wounded.
Casting: Stone Arrow
Confirm with . or Enter, or press ? or * to list all spells.
Aiming: Stone Arrow
Press: ? - help, Shift-Dir - straight line, f/p - orc warrior
Aim: an orc warrior, wielding a long sword of electrocution and wearing a plate armour (heavily wounded)
The stone arrow hits the orc warrior.
The orc warrior is almost dead.
The orc warrior hits you with a long sword of electrocution.
You are electrocuted!
Unknown command.
You hit the orc warrior but do no damage.
The orc warrior is severely wounded.
Unknown command.
You hit the orc warrior.
The orc warrior is poisoned.
The orc warrior is almost dead.
The orc warrior hits you with a long sword of electrocution!!
* * * LOW HITPOINT WARNING * * *
You are electrocuted!
You die...

#..........#....<....#
.........###.........#
..........###...))..##
........#.# ##.)....#
..........## ##)...##
.......#.).###.#..##
........##..#.##...#
..#......##....##..###
###......#...)oo@.#..##
##.....#....o#....#.#
######.###.#########
#.## ### ##


You could see an orc warrior and 2 orcs.

Vanquished Creatures
  The ghost of M4edhros the Blocker, a novice OpAr of Xom (D:7)
  2 hill giants (D:11)
  An orc knight (Orc:1)
  An orc sorcerer (Orc:1)
  A cyclops (D:8)
  A centaur skeleton (D:11)
  2 two-headed ogres
  2 trolls
  A spriggan (D:7)
  Grum (D:10)
  A hungry ghost (D:10)
  8 wargs
  4 wolves
  Duvessa (D:4)
  9 orc warriors
  An ice beast (D:8)
  2 sky beasts
  3 phantoms
  10 ogres
  2 centaurs
  10 big kobolds
  3 giant frogs
  3 scorpions
  8 killer bees (D:8)
  A wight (D:8)
  An electric eel (D:8)
  4 crimson imps
  5 jellies
  A giant frog skeleton (D:10)
  A centaur zombie (D:11)
  An orc priest (D:10)
  5 hounds
  Terence (D:2)
  9 orc wizards
  5 worker ants
  A killer bee zombie (D:6)
  Robin (D:3)
  9 adders
  13 gnolls (Bailey)
  2 shadow imps (D:10)
  An adder skeleton (D:5)
  2 worms
  A giant gecko (D:3)
  46 orcs
  4 bats
  4 giant cockroaches
  12 goblins
  14 hobgoblins
  11 jackals
  2 quokkas
  A ball python zombie (D:6)
  A giant gecko skeleton (D:6)
  2 giant newts
  43 kobolds
  8 rats
290 creatures vanquished.

Notes
Turn   | Place    | Note
--------------------------------------------------------------
     0 | D:1      | 4thArraOfDagon the Mummy Earth Elementalist began the quest for the Orb.
     0 | D:1      | Reached XP level 1. HP: 13/13 MP: 3/3
   120 | D:1      | Reached skill level 1 in Fighting
   176 | D:2      | Noticed Terence
   245 | D:2      | Reached XP level 2. HP: 18/21 MP: 0/5
   311 | D:2      | Reached XP level 3. HP: 12/28 MP: 6/6
   330 | D:2      | Killed Terence
   330 | D:2      | Reached skill level 3 in Fighting
   546 | D:4      | Noticed an orc warrior
   561 | D:3      | Reached XP level 4. HP: 18/35 MP: 7/7
   641 | D:3      | Noticed Grinder
   806 | D:3      | Reached skill level 4 in Fighting
   874 | D:4      | Learned a level 3 spell: Stone Arrow
   879 | D:4      | Noticed an ogre
  1106 | D:4      | Noticed Menkaure
  1247 | D:4      | Found Liefeore's Jewellery Boutique.
  1263 | D:4      | Noticed Duvessa
  1264 | D:4      | Noticed Dowan
  1302 | D:4      | Killed Duvessa
  1302 | D:4      | Reached XP level 5. HP: 42/42 MP: 8/8
  1305 | D:5      | Entered Level 5 of the Dungeon
  1450 | D:4      | Reached XP level 6. HP: 30/48 MP: 9/9
  1640 | D:5      | Reached skill level 5 in Earth Magic
  1697 | D:5      | Got a scorched dagger
  1698 | D:5      | Identified the +5 dagger "Newtbane" {venom, rC++} (You found it on level 5 of the Dungeon)
  1702 | D:5      | M4edhros: nice
  1704 | D:5      | M4edhros: gj
  1706 | D:5      | M4edhros: : )
  1709 | D:5      | Reached XP level 7. HP: 54/54 MP: 7/10
  1831 | D:6      | Found a staircase to the Ecumenical Temple.
  1839 | D:6      | 4thArraOfDagon: its not me
  1839 | D:6      | 4thArraOfDagon: its them
  1839 | D:6      | 4thArraOfDagon: RNG'ies
  1840 | Temple   | Entered the Ecumenical Temple
  1864 | Temple   | Became a worshipper of Warmaster Okawaru
  1937 | D:6      | Reached skill level 6 in Earth Magic
  1943 | D:6      | Found a sparkling altar of Nemelex Xobeh.
  2255 | D:6      | hmm
  2365 | D:6      | Reached skill level 7 in Earth Magic
  2386 | D:6      | Found a basalt altar of Yredelemnul.
  2543 | D:4      | WTF
  2561 | D:4      | Reached XP level 8. HP: 36/60 MP: 7/11
  2568 | D:4      | Reached skill level 1 in Invocations
  2675 | D:3      | Noticed Robin
  2692 | D:3      | Killed Robin
  3065 | D:7      | Noticed M4edhros's ghost (novice OpAr)
  3089 | D:7      | M4edhros: sorry :/
  3257 | D:7      | emiel: ez ghost kkill
  3259 | D:7      | emiel: with stones
  3265 | D:7      | Killed M4edhros's ghost
  3265 | D:7      | Reached * piety under Okawaru
  3265 | D:7      | Reached skill level 8 in Earth Magic
  3267 | D:7      | M4edhros: damn i was easy
  3267 | D:7      | emiel: hehe
  3273 | D:7      | Learned a level 5 spell: Lee's Rapid Deconstruction
  3359 | D:8      | Got a heavily runed scale mail
  3390 | D:8      | Identified the +3 scale mail of Hopscotch {rC+ Dex+4} (You found it on level 8 of the Dungeon)
  3413 | D:8      | emiel: why didnt you loot helm from robin?
  3454 | D:7      | 4thArraOfDagon: yeah
  3454 | D:7      | 4thArraOfDagon: .
  3456 | D:7      | emiel: how is vampire AC?
  3456 | D:7      | M4edhros: VAMPIRE
  3458 | D:7      | M4edhros: hits u
  3464 | D:7      | emiel: maybe you can use sandblase
  3466 | D:7      | emiel: blast*
  3482 | D:8      | emiel: running is better ofcourse
  3597 | D:7      | Found a white marble altar of Elyvilon.
  3729 | D:8      | Reached XP level 9. HP: 56/65 MP: 12/12
  3767 | D:8      | Reached ** piety under Okawaru
  3767 | D:8      | Reached skill level 9 in Earth Magic
  3771 | D:8      | emiel: you can probably kill those bees pretty easy too
  3771 | D:8      | 4thArraOfDagon: time to umm
  3776 | D:8      | emiel: with sandblase
  3785 | D:8      | 4thArraOfDagon: yea
  3785 | D:8      | emiel: blast* damnit
  3890 | D:8      | emiel: sandblast is so awesome in lair too
  3923 | D:8      | Reached skill level 5 in Invocations
  3996 | D:8      | Identified the Tome of Displacement (You found it on level 8 of the Dungeon)
  4119 | D:8      | 4thArraOfDagon: what ya think
  4119 | D:8      | 4thArraOfDagon: should i start training some weapon
  4119 | D:8      | 4thArraOfDagon: or
  4122 | D:8      | emiel: i'd say defense first
  4129 | D:8      | 4thArraOfDagon: yea
  4134 | D:8      | emiel: with sandblast you can get good exp in lair
  4218 | D:8      | emiel: need to able to tank the monsters though
  4266 | D:8      | Reached *** piety under Okawaru
  4275 | D:8      | Reached skill level 1 in Armour
  4316 | D:8      | Noticed a troll
  4334 | D:8      | Killed a troll
  4365 | D:8      | M4edhros: those rings u have give u so much upperhand over anything in dungeon
  4366 | D:8      | Found a staircase to the Lair.
  4405 | D:8      | Noticed a cyclops
  4508 | D:8      | Learned a level 2 spell: Passwall
  4557 | D:8      | M4edhros: ah, they removed stoneskin
  4563 | D:8      | Reached XP level 10. HP: 58/71 MP: 13/15
  4565 | D:8      | Killed a cyclops
  4565 | D:8      | Reached **** piety under Okawaru
  4586 | D:8      | M4edhros: thats a little nerf
  4586 | D:8      | emiel: unfortunately mummy couldnt learn it anyways
  4586 | D:8      | emiel: yeah it sucks
  4586 | D:8      | 4thArraOfDagon: im thinking of thi amu
  4586 | D:8      | emiel: and I believe ozo now gives slow movement
  4586 | D:8      | M4edhros: do u plan to use shield?
  4587 | D:8      | 4thArraOfDagon: nope
  4590 | D:8      | 4thArraOfDagon: actuallly
  4590 | D:8      | M4edhros: if so, get it
  4590 | D:8      | 4thArraOfDagon: i'll see what oka will throw me
  4605 | D:9      | M4edhros: that amulet of reflect
  4605 | D:9      | M4edhros: +3 shield
  4605 | D:9      | 4thArraOfDagon: vamp halber
  4605 | D:9      | M4edhros: could give u another boost to def
  4653 | D:8      | M4edhros: dont die
  4655 | D:8      | M4edhros: ofeel
  4664 | D:8      | emiel: sandblast on orc warrior in plate? :P
  4884 | D:10     | Entered Level 10 of the Dungeon
  4895 | D:10     | Noticed Grum
  4903 | D:10     | Killed Grum
  5051 | D:9      | M4edhros: sling
  5061 | D:9      | M4edhros: i love slings
  5114 | D:10     | M4edhros: if it happened to be some fire or cold sling, you also could use it well in lair
  5167 | D:10     | emiel: poor mummy with useless apts though :(
  5180 | D:10     | emiel: gotta be careful with spreading skills
  5211 | D:10     | M4edhros: never bad idea to check it though
  5211 | D:10     | M4edhros: u could try
  5211 | D:10     | M4edhros: closing doors
  5211 | D:10     | M4edhros: down
  5215 | D:10     | M4edhros: left
  5221 | D:10     | M4edhros: right)
  5225 | D:10     | M4edhros: if it catches on u
  5226 | D:10     | M4edhros: go through doors
  5226 | D:10     | 4thArraOfDagon: what doors
  5226 | D:10     | M4edhros: u will make it
  5226 | D:10     | M4edhros: to the right
  5226 | D:10     | 4thArraOfDagon: i have to survive horror
  5234 | D:10     | M4edhros: i know it
  5268 | D:10     | M4edhros: if it catches on u, u can trick it by losing doors on it
  5285 | D:10     | Found a portal to a secret trove of treasure.
  5443 | D:11     | Reached skill level 5 in Dodging
  5536 | D:10     | M4edhros: lol. sorry for this but i just found best ring in this game so far
  5543 | D:11     | Noticed a hill giant
  5543 | D:11     | M4edhros: and i had some
  5551 | D:11     | Killed a hill giant
  5551 | D:11     | Reached ***** piety under Okawaru
  5551 | D:11     | Reached skill level 5 in Armour
  5553 | D:11     | M4edhros: 2 ac 4 int 6 slay
  5682 | D:11     | Noticed a hill giant
  5706 | D:11     | Killed a hill giant
  5883 | D:12     | Got a bronze scale mail
  5884 | D:12     | Identified the +7 scale mail "Joclan" {Dex+2} (You found it on level 12 of the Dungeon)
  5908 | D:12     | Found a staircase to the Orcish Mines.
  6101 | D:13     | Found a gate to the Vaults.
  6101 | D:13     | Noticed a skeletal warrior
  6101 | D:13     | Noticed an orc knight
  6101 | D:13     | Noticed Rupert
  6101 | D:13     | Noticed a green ugly thing
  6101 | D:13     | Noticed a hill giant
  6102 | D:13     | emiel: hehehe
  6164 | Orc:1    | Entered Level 1 of the Orcish Mines
  6206 | Orc:1    | Reached XP level 11. HP: 77/77 MP: 11/16
  6249 | Orc:1    | M4edhros: (d4 xd)
  6324 | Orc:1    | M4edhros: and just sec after finding it
  6337 | Orc:1    | M4edhros: +10 sling of velocity
  6343 | Orc:1    | Found a flagged portal.
  6364 | Bailey   | Entered a bailey
  6366 | Bailey   | M4edhros: oh sorry, venom
  6454 | Bailey   | emiel: potion bailey...?
  6455 | Bailey   | emiel: :P
  6509 | Bailey   | emiel: yup
  6514 | Bailey   | emiel: aw
  6836 | Orc:1    | Noticed an orc sorcerer
  6853 | Orc:1    | Killed an orc sorcerer
  6867 | Orc:1    | Noticed an orc knight
  6953 | Orc:1    | Killed an orc knight
  6953 | Orc:1    | Reached skill level 1 in Polearms
  7155 | Orc:1    | :(
  7312 | Orc:1    | Noticed an ogre mage
  7404 | Orc:2    | Entered Level 2 of the Orcish Mines
  7638 | Orc:2    | Mangled by an orc warrior

Vault maps used:
D:1:      dpeg_arrival_ternary, minmay_misc_feat_ornament
D:2:      first_bread, uniq_terence
D:3:      kennysheep_cluttered_room, uniq_robin, uniq_grinder
D:4:      serial_shops, shop_statue, uniq_duvessa, uniq_menkaure
D:5:      xom_teletrap_fun
D:6:      grunt_temple_overflow_open, minmay_temple_entry_large_hall
D:7:      the_bakery, nrook_loot_triangle, elyvilon_altar_1
D:8:      erik_lair_island, special_room, serial_bayou_pond_a
D:10:     trove_entry_hex_spiral, grunt_pakellas_sulfur, uniq_grum
D:11:     lightli_wizard_tower
D:12:     minmay_orc_entry_guard_dogs, basic_altar
D:13:     david_vaults_3, hex_large
Temple:   grunt_circular_temple_18
Orc:1:    enter_bailey_2
Orc:2:    pubby_orc_utopia
Bailey:   bailey_axe_2, bailey

Action                   |  1- 3 |  4- 6 |  7- 9 | 10-12 || total
-------------------------+-------+-------+-------+-------++-------
Melee: Dagger            |    46 |   124 |   303 |   358 ||   831
       Halberd           |       |       |       |     6 ||     6
 Fire: Blowgun           |       |       |     6 |       ||     6
 Cast: Sandblast         |    14 |     3 |    63 |    79 ||   159
       Stone Arrow       |       |     2 |     9 |    54 ||    65
       Lee's Rapid Decon |       |       |       |     4 ||     4
Invok: Heroism           |       |       |     3 |    14 ||    17
Evoke: Wand              |       |     2 |     1 |     1 ||     4
  Use: Scroll            |     2 |     2 |     8 |     5 ||    17
 Stab: Sleeping          |     1 |     1 |       |       ||     2
